 Dungeon Crawl Stone Soup version 0.17-a0-1617-gfba1302 (webtiles) character file.

338 thrall606 the Skirmisher (level 6, -7/48 HPs)
             Began as a Demonspawn Abyssal Knight on Aug 1, 2015.
             Was a Priest of Lugonu.
             Mangled by an ogre
             ... wielding a +0 giant club
              (14 damage)
             ... on level 4 of the Dungeon.
             The game lasted 00:21:06 (4289 turns).

thrall606 the Skirmisher (DsAK)                     Turns: 4289, Time: 00:21:06

Health: -7/48      AC: 15    Str: 12    XL:     6   Next: 29%
Magic:  7/7        EV: 10    Int: 11    God:    Lugonu [***...]
Gold:   142        SH:  2    Dex: 13    Spells: 0 memorised, 5 levels left

rFire  . . .     SeeInvis .     q - +0 mace (protect)
rCold  . . .     Clarity  .     o - +0 scale mail
rNeg   . . .     SustAt   .     (no shield)
rPois  .         Gourm    .     k - +0 helmet
rElec  .         Spirit   .     (no cloak)
rCorr  .         Warding  .     (no gloves)
rMut   .         Stasis   .     (no boots)
MR     .....                    (no amulet)
Stlth  +.........               (no ring)
                                (no ring)

@: not resistant to hostile enchantments, very unstealthy
A: hooves 1, large bone plates 1, dopey 1, nightstalker 1, powered by pain 2,
weak 1
a: Depart the Abyss, Bend Space, Banish, Renounce Religion


You were on level 4 of the Dungeon.
You worshipped Lugonu.
Lugonu was most pleased with you.
You were not hungry.

You visited 1 branch of the dungeon, and saw 4 of its levels.
You visited the Abyss 1 time.

You collected 142 gold pieces.

Inventory:

Hand weapons
 a - a +2 hand axe
 e - a +0 short sword
 f - a +0 mace
 l - a +1 war axe
 q - a +0 mace of protection (weapon)
Missiles
 j - 29 bolts
Armour
 b - a +0 leather armour
 h - a +0 ring mail
 k - a +0 helmet (worn)
 o - a +0 scale mail (worn)
 r - a +0 ring mail
 s - a +2 leather armour of poison resistance
Jewellery
 g - a -3 ring of intelligence
Scrolls
 m - 2 scrolls of amnesia
 p - a scroll of remove curse
Comestibles
 c - a bread ration
 d - 2 beef jerkies
 i - 4 meat rations


   Skills:
 + Level 4.3 Fighting
 + Level 2.9 Axes
 + Level 0.1(1.7) Maces & Flails
 + Level 3.2 Armour
 + Level 3.2 Dodging
 + Level 0.6 Stealth
 + Level 2.6 Invocations


You had 5 spell levels left.
You didn't know any spells.

Dungeon Overview and Level Annotations

Branches:
Dungeon (4/15)
 Temple: D:4-7

Altars:
Ashenzari
Dithmenos
Fedhas
Trog
Zin


Innate Abilities, Weirdness & Mutations

You have large cloven feet.
You are slightly more attuned to the shadows.
You sometimes gain power by taking damage.
You are partially covered in large bone plates (AC +2, SH +2).
You are dopey. (Int -2)
You are weak. (Str -2)


Message History

You hit the ogre.
The ogre is moderately wounded.
The ogre barely misses you.
You hit the ogre. Your kick misses the ogre.
The ogre is heavily wounded.
The ogre barely misses you.
You hit the ogre. Your kick misses the ogre.
The ogre is heavily wounded.
The ogre hits you with a giant club!
You hit the ogre. You kick the ogre, but do no damage.
The ogre is severely wounded.
The ogre hits you with a giant club!
You completely miss the ogre. You kick the ogre, but do no damage.
The ogre is severely wounded.
The ogre hits you with a giant club!!
* * * LOW HITPOINT WARNING * * *
You hit the ogre but do no damage.
The ogre is severely wounded.
The ogre hits you with a giant club!
You die...

..# #.# #.# .. #.# #.# ... ...
#.# ..##.# #.# ..#.# # #.# ..##
#..####.#.# #.# ## ....#
##O........ #.# #. .###.#
#.@..........# #.# #.#.. ..#
#.#.#.##.#..#.# #.# #...
#.#.##.#.##.#..#.# #.#
#.#######.###.#.##.#..#.# #.# .
#.............#.##....#.# ##.#
..##.#############.##.#..#.###...
#...########### #.##.#........#.
##.#.........>.# #.#.......###...
...............# #...#.>...# ####


You could see an ogre.

Vanquished Creatures
  An ogre (D:4)
  Natasha (thrice) (D:3)
  A worker ant (D:4)
  Robin (D:3)
  8 adders
  An ooze (D:2)
  2 adder skeletons (D:4)
  2 worms (D:2)
  11 orcs
  5 bats
  4 giant cockroaches
  10 hobgoblins
  6 jackals (D:1)
  4 kobolds
  3 quokkas
  2 giant geckos (D:2)
  4 giant newts
  15 goblins
  6 rats
89 creatures vanquished.

Notes
Turn   | Place    | Note
--------------------------------------------------------------
     0 | Abyss:1  | thrall606 the Demonspawn Abyssal Knight began the quest for the Orb.
     0 | Abyss:1  | Reached XP level 1. HP: 18/18 MP: 2/2
     0 | D:1      | Escaped the Abyss
   137 | D:1      | Gained mutation: You sometimes gain a little power by taking damage. [demonic ancestry]
   137 | D:1      | Reached XP level 2. HP: 17/24 MP: 3/3
   396 | D:1      | Acquired Lugonu's first power
   592 | D:1      | Reached skill level 1 in Dodging
   876 | D:2      | Reached XP level 3. HP: 20/29 MP: 4/4
  1593 | D:2      | Found a bloodstained altar of Trog.
  1637 | D:2      | Gained mutation: You sometimes gain power by taking damage. [demonic ancestry]
  1637 | D:2      | Reached XP level 4. HP: 32/37 MP: 5/5
  1651 | D:2      | Found a glowing silver altar of Zin.
  1787 | D:2      | Acquired Lugonu's second power
  2548 | D:3      | Found a shattered altar of Ashenzari.
  2548 | D:3      | Found a blossoming altar of Fedhas.
  2894 | D:3      | Found a shadowy altar of Dithmenos.
  2957 | D:3      | Noticed Natasha
  2966 | D:3      | Killed Natasha
  2966 | D:3      | Reached skill level 4 in Fighting
  2966 | D:3      | Gained mutation: You are slightly more attuned to the shadows. [demonic ancestry]
  2966 | D:3      | Reached XP level 5. HP: 29/42 MP: 6/6
  3143 | D:3      | Noticed Natasha
  3149 | D:3      | Killed Natasha
  3263 | D:3      | Noticed Natasha
  3274 | D:3      | Killed Natasha
  3282 | D:3      | Gained mutation: You are dopey. (Int -2) [potion of mutation]
  3282 | D:3      | Gained mutation: You are partially covered in large bone plates (AC +2, SH +2). [potion of mutation]
  3282 | D:3      | Gained mutation: You are weak. (Str -2) [potion of mutation]
  3316 | D:3      | Noticed Robin
  3377 | D:3      | Killed Robin
  3394 | D:3      | Acquired Lugonu's third power
  4132 | D:4      | Noticed an ogre
  4144 | D:4      | Killed an ogre
  4144 | D:4      | Gained mutation: You have large cloven feet. [demonic ancestry]
  4144 | D:4      | Reached XP level 6. HP: 27/48 MP: 7/7
  4279 | D:4      | Noticed an ogre
  4289 | D:4      | Mangled by an ogre

Vault maps used:
D:1:      dpeg_arrival_connections
D:2:      nicolae_overflow_crystal_walls, lemuel_doored_altar, first_bread
D:3:      grunt_temple_overflow_open, lemuel_coloured_pillars_altar,
          uniq_natasha, uniq_robin
D:4:      minmay_splitting_lines, minivault_4

Action                   |  1- 3 |  4- 6 || total
-------------------------+-------+-------++-------
Melee: Hand axe          |   109 |       ||   109
       War axe           |     2 |   102 ||   104
       Mace              |       |   142 ||   142
Invok: Depart the Abyss  |     1 |       ||     1
       Bend Space        |       |     1 ||     1
  Use: Scroll            |     6 |     2 ||     8
       Potion            |     1 |     2 ||     3
 Stab: Sleeping          |     1 |       ||     1
  Eat: Bread ration      |     1 |     2 ||     3
       Chunk             |       |     1 ||     1
